 Dungeon Crawl Stone Soup version 0.23.0-3-gf3c87f2df8 (webtiles) character file.

Game seed: 1760275510442018609

990 Reinor the Covert (level 7, 0/35 HPs)
             Began as a Spriggan Enchanter on Feb 25, 2019.
             Slain by a two-headed ogre
             ... wielding a +0 giant club
              (22 damage)
             ... on level 5 of the Dungeon.
             The game lasted 00:26:50 (6913 turns).

Reinor the Covert (Spriggan Enchanter)              Turns: 6913, Time: 00:26:50

Health: 0/35       AC:  4    Str:  4    XL:     7   Next: 98%
Magic:  3/16       EV: 18    Int: 18    God:
Gold:   293        SH:  0    Dex: 17    Spells: 9/17 levels left

rFire    x . .     SeeInvis +   q - +1 dagger (speed)
rCold    + . .     Gourm    .   (shield restricted)
rNeg     . . .     Faith    .   b - +0 robe
rPois    .         Spirit   .   (helmet restricted)
rElec    .         Reflect  .   k - +1 cloak
rCorr    .         Harm     .   (gloves unavailable)
MR       +....                  (boots unavailable)
Stlth    ++++......             (no amulet)
HPRegen  0.11/turn              y - ring of ice
MPRegen  0.15/turn              (no ring)

@: very quick
A: very small, unfitting armour, see invisible, herbivore, speed 3, slow
metabolism 2
a: no special abilities


You were on level 5 of the Dungeon.
You were not hungry.

You visited 1 branch of the dungeon, and saw 5 of its levels.

You collected 293 gold pieces.

Inventory:

Hand Weapons
 a - a +1 dagger
 f - a +0 blowgun
 q - a +1 dagger of speed (weapon)
Missiles
 c - 191 stones (quivered)
 m - 11 poisoned needles
Armour
 b - a +0 robe (worn)
 k - a +1 cloak (worn)
Jewellery
 y - a ring of ice (left hand)
Wands
 s - a wand of flame (14)
 w - a wand of acid (11)
Scrolls
 i - a scroll of enchant armour
 p - 2 scrolls of blinking
 r - 3 scrolls of fear
 t - 4 scrolls of remove curse
 x - a scroll of amnesia
Potions
 e - 5 potions of curing
 g - a potion of haste
 h - 2 potions of flight
 j - 3 potions of heal wounds
 l - a potion of might
 n - a potion of lignification
 o - a potion of berserk rage
 u - a potion of invisibility
 v - a potion of agility
 z - a potion of magic {unknown}
Comestibles
 d - 11 rations


   Skills:
 - Level 2.1 Fighting
 + Level 5.5 Short Blades
 + Level 3.1 Dodging
 + Level 8.7 Stealth
 - Level 5.5 Spellcasting
 - Level 5.1 Hexes


You had 9 spell levels left.
You knew the following spells:

 Your Spells              Type           Power        Failure   Level  Hunger
b - Ensorcelled Hibernat  Hex/Ice        ###...       7%          2    None
c - Confuse               Hex            ###.....     4%          3    ##.....
d - Tukima's Dance        Hex            ###.....     4%          3    ##.....

Your spell library contained the following spells:

 Spells                   Type           Power        Failure   Level  Hunger
 Confusing Touch          Hex            ###...       1%          1    None
 Corona                   Hex            ###....      1%          1    None
 Beastly Appendage        Tmut           #.....       13%         1    None
 Dazzling Spray           Conj/Hex       ##....       13%         3    ##.....
 Sticks to Snakes         Tmut           #.......     19%         2    None
 Gell's Gravitas          Tloc           #.........   36%         3    ##.....
 Spider Form              Tmut/Pois      #.........   36%         3    ##.....
 Ice Form                 Ice/Tmut       #.......     77%         4    ####...
 Petrify                  Tmut/Erth      #.......     77%         4    ####...
 Metabolic Englaciation   Hex/Ice        ###.......   77%         5    #####..
 Yara's Violent Unravell  Hex/Tmut       ##........   77%         5    #####..
 Blade Hands              Tmut           #.........   98%         5    #####..


Dungeon Overview and Level Annotations

Branches:
Dungeon (5/15)
 Temple: D:4-7

Altars:
Elyvilon
Fedhas
Ru
Sif Muna
Wu Jian


Innate Abilities, Weirdness & Mutations

You are very small and have problems with some larger weapons.
You are too small for most types of armour.
You have supernaturally acute eyesight. (SInv)
You are a herbivore.
You cover ground extremely quickly.
You need to consume almost no food.


Message History

Press: ? - help, Shift-Dir - straight line, f/p - two-headed ogre
Aim: a two-headed ogre, wielding a +0 giant club and a -3 giant club (chance to defeat MR: 35%)
The two-headed ogre appears confused.
The two-headed ogre hits you with a +0 giant club!
The two-headed ogre misses you.
You hit the two-headed ogre but do no damage.
You hit the two-headed ogre but do no damage.
You hit the two-headed ogre but do no damage.
The two-headed ogre barely misses you.
The two-headed ogre completely misses you.
You catch the helpless two-headed ogre completely off-guard!
You impale the two-headed ogre!!
The two-headed ogre is moderately wounded.
You hit the two-headed ogre.
The two-headed ogre is moderately wounded.
You hit the two-headed ogre but do no damage.
The two-headed ogre is moderately wounded.
The two-headed ogre hits you with a +0 giant club!!
Ouch! That really hurt!
You die...

########### ##.........#
##.....####^#
##.......###.######
#.................#
#.........##.##.#.########
#.........##@#............
##.†.....###.O....########
##..........#...##
##...########.## ##.## #.#
#.# #.# #.# ##'## ####.##
##...## # #.....#
##.....## .##


You could see a two-headed ogre (confused).

Vanquished Creatures
  Sigmund (D:2)
  2 ice beasts (D:5)
  An ogre (D:4)
  A centaur (D:5)
  A bullfrog skeleton (D:4)
  Ijyb (D:5)
  Terence (D:2)
  3 orc wizards
  4 worker ants
  9 adders
  A shadow imp (D:5)
  An ooze (D:2)
  An adder skeleton (D:4)
  4 worms
  5 dart slugs
  2 leopard geckos
  17 orcs
  2 ball pythons
  12 bats
  5 giant cockroaches
  6 goblins
  8 hobgoblins
  4 quokkas
  6 frilled lizards
  8 kobolds
  4 rats
110 creatures vanquished.

Vanquished Creatures (others)
  An orc (D:4)
1 creature vanquished.

Grand Total: 111 creatures vanquished

Notes
Turn   | Place    | Note
-------+----------+-------------------------------------------
     0 | D:1      | Reinor the Spriggan Enchanter began the quest for the Orb.
     0 | D:1      | Reached XP level 1. HP: 9/9 MP: 5/5
   503 | D:1      | Reached XP level 2. HP: 13/13 MP: 6/6
   507 | D:1      | Learned a level 2 spell: Ensorcelled Hibernation
   546 | D:1      | Reached skill level 5 in Stealth
  1836 | D:1      | Reached XP level 3. HP: 14/16 MP: 8/8
  1909 | D:1      | Learned a level 3 spell: Confuse
  2222 | D:2      | Found a faded altar of an unknown god.
  2669 | D:2      | Reached skill level 6 in Stealth
  2783 | D:2      | Noticed Terence
  3116 | D:2      | Reached XP level 4. HP: 17/21 MP: 6/9
  3269 | D:2      | Noticed Sigmund
  3486 | D:2      | Killed Terence
  3638 | D:2      | Killed Sigmund
  3638 | D:2      | Reached skill level 8 in Stealth
  3638 | D:2      | Reached XP level 5. HP: 24/24 MP: 10/10
  3825 | D:3      | Reached XP level 6. HP: 24/28 MP: 11/11
  4902 | D:3      | Reached skill level 5 in Short Blades
  5096 | D:3      | Learned a level 3 spell: Tukima's Dance
  5570 | D:4      | Reached skill level 5 in Hexes
  5570 | D:4      | Reached XP level 7. HP: 32/32 MP: 13/13
  5599 | D:4      | Reached skill level 1 in Fighting
  6225 | D:5      | Entered Level 5 of the Dungeon
  6342 | D:5      | Found a white marble altar of Elyvilon.
  6343 | D:5      | Noticed Ijyb
  6347 | D:5      | Found a sacrificial altar of Ru.
  6347 | D:5      | Found a deep blue altar of Sif Muna.
  6347 | D:5      | Found a blossoming altar of Fedhas.
  6349 | D:5      | Found an ornate altar of the Wu Jian Council.
  6351 | D:5      | Killed Ijyb
  6425 | D:5      | Reached skill level 5 in Spellcasting
  6881 | D:5      | Noticed a two-headed ogre
  6913 | D:5      | Slain by a two-headed ogre

Skill      XL: |  1  2  3  4  5  6  7 |
---------------+----------------------+-----
Stealth        | 5 6 8 |  8.7
Short Blades   | 2 3 4 5 |  5.5
Hexes          | 5 |  5.1
Spellcasting   | 3 5 |  5.5
Fighting       | 2 |  2.1
Dodging        | |  3.1

Action                   |  1- 3 |  4- 6 |  7- 9 || total
-------------------------+-------+-------+-------++-------
Melee: Dagger            |   192 |   282 |    61 ||   535
Throw: Stone             |     8 |       |       ||     8
 Cast: Ensorcelled Hiber |     8 |    18 |     6 ||    32
       Confuse           |       |     6 |    12 ||    18
       Corona            |       |     1 |       ||     1
       Tukima's Dance    |       |     1 |       ||     1
  Use: Scroll            |       |    14 |     1 ||    15
 Stab: Sleeping          |    13 |    17 |    11 ||    41
       Confused          |       |     3 |     7 ||    10
       Distracted        |       |     2 |     1 ||     3
  Eat: Ration            |       |     2 |     2 ||     4
Armor: Robe              |    17 |    14 |     1 ||    32
Dodge: Dodged            |   163 |   125 |    18 ||   306
